AoeStats
← 叽里咕噜说啥呢

Arena

510548649Analyzed
4v4 RM · 1d ago on Oct 1, 2026· 59m 35s· 8 players
Game mode
Random Map
Map size
Large (8 player)
Population
200
Speed
Normal
Resources
Standard
Victory
Conquest
Starting age
Dark Age
Ending age
Imperial Age
RankedLock teamsTeams togetherTeam positionsShared explorationLock speedFull tech treeHidden civsTurbo modeCheats
Victory
Defeat
1087
+14
🇨🇳 Persians · China
1070
+15
1058
+16
🇨🇳 Saracens · China
1015
+17
🇹🇷 Celts · Türkiye
1088
-17
🇭🇰 Berbers · Hong Kong SAR China
1066
-16
🇨🇴 Khmer · Colombia
1022
-15
🇺🇸 Turks · United States
1020
-14
阿哲
9:38 Feudal Age
13:51 Castle Age
13:53 Gold Mining
13:44 Horse Collar
13:51 Double-Bit Axe
15:06 Bow Saw
25:25 Wheelbarrow
27:16 Man-at-Arms
28:24 Forging
28:21 Scale Barding Armor
28:17 Scale Mail Armor
28:51 Long Swordsman
46:25 Iron Casting
46:38 Hand Cart
46:26 Heavy Plow
47:50 Bloodlines
47:41 Husbandry
49:07 Stone Mining
49:52 Gold Shaft Mining
50:14 Loom
53:00 Imperial Age
52:02 Scale Barding Armor
52:32 Town Watch
53:19 Chain Barding Armor
53:30 Ballistics
53:20 Masonry
53:06 Murder Holes
53:13 Devotion
53:53 Stone Shaft Mining
52:57 Cavalier
55:26 Blast Furnace
54:57 Conscription
56:24 Plate Barding Armor
57:55 Hoardings
NeeoNone
3:50 Loom
9:52 Feudal Age
14:10 Castle Age
12:59 Double-Bit Axe
13:01 Horse Collar
15:26 Bow Saw
15:07 Town Watch
23:44 Wheelbarrow
25:41 Hand Cart
39:01 Husbandry
41:44 Imperial Age
45:26 Chemistry
44:47 Ballistics
44:50 Capped Ram
46:03 Siege Ram
46:14 Siege Ram
49:21 Pikeman
50:01 Squires
53:05 Guard Tower
54:24 Scale Barding Armor
54:47 Forging
54:34 Heavy Camel Rider
57:07 Scale Mail Armor
你 你们是恶魔吗
10:17 Feudal Age
10:43 Double-Bit Axe
10:39 Horse Collar
15:28 Castle Age
17:05 Bow Saw
16:59 Heavy Plow
22:48 Wheelbarrow
22:38 Gold Mining
24:23 Hand Cart
24:38 Loom
25:45 Gold Shaft Mining
25:03 Stone Mining
25:26 Squires
25:16 Crossbowman
26:33 Gambesons
26:54 Crossbowman
32:12 Imperial Age
30:12 Forging
29:54 Fletching
30:04 Padded Archer Armor
32:38 Ballistics
32:12 Elite Longbowman
33:17 Conscription
32:18 Elite Longbowman
33:22 Arbalester
34:00 Bodkin Arrow
35:08 Chemistry
36:00 Bracer
37:21 Warwolf
38:06 Leather Archer Armor
41:12 Yeomen
40:18 Pikeman
41:00 Murder Holes
40:46 Treadmill Crane
41:39 Light Cavalry
42:38 Husbandry
42:07 Man-at-Arms
42:49 Cranequins
45:09 Halberdier
48:50 Ring Archer Armor
48:58 Iron Casting
56:30 Fortified Wall
58:01 Blast Furnace
58:37 Scale Mail Armor
叽里咕噜说啥呢
9:42 Feudal Age
12:09 Scale Barding Armor
11:54 Double-Bit Axe
12:16 Loom
16:45 Castle Age
15:46 Bloodlines
16:40 Forging
17:31 Husbandry
17:36 Horse Collar
18:13 Gold Mining
20:52 Iron Casting
24:34 Wheelbarrow
25:23 Heavy Plow
26:36 Chain Barding Armor
29:44 Hand Cart
30:49 Pikeman
31:29 Squires
38:05 Imperial Age
39:28 Bow Saw
40:44 Plate Barding Armor
40:09 Cavalier
41:25 Town Watch
42:39 Conscription
44:18 Crop Rotation
47:03 Scale Mail Armor
47:40 Paladin
48:42 Town Patrol
52:03 Chain Mail Armor
51:57 Fletching
52:13 Halberdier
54:00 Two-Man Saw
55:12 Bodkin Arrow
59:21 Light Cavalry
kavobi
6:28 Loom
11:02 Feudal Age
15:03 Castle Age
13:04 Double-Bit Axe
14:09 Horse Collar
18:41 Bow Saw
29:15 Bloodlines
28:58 Light Cavalry
29:40 Husbandry
30:00 Stone Mining
30:11 Heavy Plow
30:05 Gold Mining
36:15 Imperial Age
34:48 Forging
35:35 Scale Barding Armor
36:33 Tusk Swords
36:33 Fletching
37:05 Chain Barding Armor
37:22 Wheelbarrow
37:31 Gold Shaft Mining
37:33 Stone Shaft Mining
36:41 Elite Ballista Elephant
37:27 Double Crossbow
38:57 Chemistry
39:08 Hand Cart
39:48 Town Watch
39:34 Heavy Scorpion
40:48 Hussar
42:53 Siege Engineers
Standing Alone!
10:04 Feudal Age
11:22 Loom
15:19 Castle Age
15:02 Double-Bit Axe
21:22 Imperial Age
18:56 Horse Collar
19:48 Gold Mining
32:07 Fletching
37:52 Bow Saw
50:26 Wheelbarrow
50:46 Heavy Plow
51:25 Gold Shaft Mining
rzylmz10
7:13 Loom
9:56 Feudal Age
15:02 Castle Age
15:21 Horse Collar
15:28 Double-Bit Axe
16:01 Forging
15:51 Scale Mail Armor
17:28 Heavy Plow
20:50 Bow Saw
20:34 Gold Mining
21:45 Iron Casting
23:30 Town Watch
24:21 Wheelbarrow
24:04 Chain Mail Armor
24:29 Gold Shaft Mining
40:28 Imperial Age
40:47 Hand Cart
40:38 Town Patrol
41:17 Fletching
41:28 Padded Archer Armor
42:40 Blast Furnace
41:46 Scale Barding Armor
43:59 Plate Mail Armor
43:53 Cavalier
44:59 Chain Barding Armor
44:41 Husbandry
45:14 Paladin
15634125
11:21 Feudal Age
16:04 Castle Age
14:30 Double-Bit Axe
15:00 Horse Collar
18:49 Loom
23:41 Scale Barding Armor
25:56 Bloodlines
27:10 Forging
28:05 Bow Saw
29:32 Chain Barding Armor
34:52 Wheelbarrow
34:03 Light Cavalry
41:14 Imperial Age
40:34 Hand Cart
42:08 Iron Casting
41:28 Gold Mining
41:21 Heavy Camel Rider
43:52 Chemistry
42:14 Hussar
43:55 Plate Barding Armor
44:13 Maghrebi Camels
45:20 Blast Furnace
44:12 Fletching
44:30 Padded Archer Armor
45:06 Conscription
46:46 Bodkin Arrow
47:08 Leather Archer Armor
48:51 Husbandry
53:11 Gold Shaft Mining
52:27 Stone Mining
53:55 Bracer
54:32 Elite Camel Archer
55:50 Ring Archer Armor
59:33 Ballistics
58:54 Treadmill Crane
Connection lost

Rejoining the realm…

Still unreachable

The connection could not be restored.

Session expired

The server has moved on; the page needs a fresh start.